 Dungeon Crawl Stone Soup version 0.31.0-11-ge490571c62 (webtiles) character file.

Game seed: 5218190107828478201

43 qw the Shooter (level 3, 0/18 HPs)
             Began as a Spriggan Hunter on Feb 5, 2024.
             Slain by a kobold
             ... wielding a +0 short sword
              (3 damage)
             ... on level 1 of the Dungeon.
             The game lasted 00:00:02 (702 turns).

qw the Shooter (Spriggan Hunter)                     Turns: 702, Time: 00:00:03

Health: 0/18       AC:  2    Str:  7    XL:     3   Next: 37%
Magic:  4/4        EV: 19    Int: 10    God:
Gold:   11         SH:  0    Dex: 20    Spells: 2/2 levels left

rFire   . . .        a - +1 shortbow (heavy)
rCold   . . .        (shield currently unavailable)
rNeg    . . .        c - +0 robe
rPois   .            (helmet restricted)
rElec   .            (no cloak)
rCorr   .            (gloves unavailable)
SInv    +            (boots unavailable)
Will    .....        (no amulet)
Stlth   ++           (no ring)
HPRegen 0.23/turn    (no ring)
MPRegen 0.09/turn

%: no passive effects
@: very quick
A: very small, no large weapons, unfitting armour, see invisible, speed 3
a: no special abilities


You were on level 1 of the Dungeon.
You visited 1 branch of the dungeon, and saw 2 of its levels.

You collected 11 gold pieces.


Innate Abilities, Weirdness & Mutations

You are very small and have problems with some larger weapons.
You are too small for most types of armour.
You have supernaturally acute eyesight. (SInv)
You cover ground extremely quickly. (Speed+++)


   Skills:
 - Level 1.5 Fighting
 + Level 4.7 Ranged Weapons
 - Level 4.0 Dodging
 - Level 1.5 Stealth


You had 2 spell levels left.
You didn't know any spells.
Your spell library was empty.

Inventory:

Hand Weapons
 a - a +1 heavy shortbow (weapon)
Armour
 c - a +0 robe (worn)

Dungeon Overview and Level Annotations

Branches:
Dungeon (2/15)

Altars:


Message History

The kobold throws a stone.
The stone hits you but does no damage.
The kobold throws a stone.
The stone completely misses you.
You shoot an arrow. The arrow hits the kobold.
You kill the kobold!
692 ||| STAIRDANCE The ball python hisses angrily.
The kobold hits you with a +0 dagger.
You climb upwards.
There is a stone staircase leading down here.
You shoot an arrow. The arrow hits the kobold!
You kill the kobold!
You climb downwards.
The kobold hits you but does no damage.
There is a stone staircase leading up here.
697 ||| STAIRDANCE The kobold shouts!
The kobold hits you with a +0 short sword.
The kobold throws a stone.
The stone misses you. The ball python closely misses you.
The ball python misses you.
You climb upwards.
There is a stone staircase leading down here.
You shoot an arrow. The arrow barely misses the kobold.
The ball python closely misses you. The ball python barely misses you.
The kobold closely misses you. The ball python closely misses you.
The ball python grabs you. The ball python constricts you.
The kobold hits you with a +0 short sword.
You shoot an arrow.
The arrow closely misses the ball python.
The ball python bites you. The ball python constricts you.
The kobold hits you with a +0 short sword.
The ball python barely misses you. The ball python constricts you.
The kobold barely misses you.
You shoot an arrow.
The arrow closely misses the ball python.
The ball python bites you. The ball python constricts you.
The kobold barely misses you. The ball python barely misses you.
The ball python constricts you. The kobold closely misses you.
You shoot an arrow. The arrow hits the ball python!
You kill the ball python!
The kobold hits you with a +0 short sword.
You die...

...#.### #....##...##..##.####
##.....# ###.#..#######..##.....
##.###.####.%...........<.##.###.
##.# #...%..)%............##.# #.
##.###..###...%..........###.###.
........# ####.#...#.###.[.......
######..# #.#...#.# #.#.#.#..# #
#..# #.#.K.#.# #.#.#.#..# ## #..#
#%#@..#.# #.#....... %#####..#
#.#(..#.###.#..##... ........#
#.......#........... B.....#.#
####.####.#.........
######)##########.####.####).....
# #.......##.....#.##.........
#.#####......####.###.######
#.#####..#.### ##.##.#
#.##.......# ##_###.#


You could see a kobold.

Vanquished Creatures
  A dart slug (D:1)
  6 ball pythons (D:1)
  3 bats (D:1)
  6 endoplasms (D:1)
  5 goblins
  A hobgoblin (D:1)
  4 jackals (D:1)
  2 quokkas (D:1)
  3 frilled lizards (D:1)
  4 kobolds
  2 rats (D:1)
37 creatures vanquished.

Notes
Turn   | Place    | Note
-------+----------+-------------------------------------------
     0 | D:1      | qw the Spriggan Hunter began the quest for the Orb.
     0 | D:1      | Reached XP level 1. HP: 10/10 MP: 2/2
     0 | D:1      | 0 ||| qw: Version: 0.3-a-160-g6735b56
     0 | D:1      | 0 ||| qw: Game counter: 6162
     0 | D:1      | 0 ||| qw: Melee chars always use a shield: true
     0 | D:1      | 0 ||| qw: God list: Okawaru
     0 | D:1      | 0 ||| qw: Allow faded altars: false
     0 | D:1      | 0 ||| qw: Do Orc after clearing Dungeon:15 true
     0 | D:1      | 0 ||| qw: Do second Lair branch before Depths: true
     0 | D:1      | 0 ||| qw: Lair rune preference: random
     0 | D:1      | 0 ||| qw: Goals: Normal
     0 | D:1      | 0 ||| PLANNING D:1-11
    32 | D:1      | Reached skill level 3 in Dodging
   112 | D:1      | Found a faded altar of an unknown god.
   166 | D:1      | Reached XP level 2. HP: 14/14 MP: 3/3
   349 | D:1      | Reached XP level 3. HP: 9/18 MP: 4/4
   649 | D:1      | 649 ||| READING scroll labelled XEITEA CIAV.
   650 | D:1      | 650 ||| READING scroll labelled XUNLIL GENYROW.
   650 | D:1      | 650 ||| ENCHANTING +0 shortbow.
   651 | D:1      | 651 ||| READING scroll labelled ZOWAXZOHOI.
   652 | D:1      | 652 ||| READING scroll labelled DIUHUE BACOO.
   652 | D:1      | 652 ||| BRANDING +1 shortbow.
   653 | D:1      | 653 ||| DROPPING scroll of butterflies.
   692 | D:2      | 692 ||| STAIRDANCE
   697 | D:2      | 697 ||| STAIRDANCE
   701 | D:1      | HP: 4/18 [ball python (2)]
   702 | D:1      | Slain by a kobold

Levels and vault maps discovered:
D:1:      minmay_arrival_stone_box, layout_loops_cross,
          chequers_ecumenical_altar_twisty, minmay_split_cup_small
D:2:      layout_rooms, basic_altar

Skill      XL: |  1  2 |
---------------+-------+-----
Dodging        | 3 4 |  4.0
Fighting       | |  1.5
Ranged Weapons | |  4.7
Stealth        | |  1.5

Action                     || total
---------------------------++-------
   Fire: Shortbow          ||    82
    Use: Scroll            ||     4
 Armour: Robe              ||    17
  Dodge: Dodged            ||    27

Table legend:
 A = Non-vault XP
 B = Vault XP
 C = Vault XP percentage of total XP
 D = Non-vault monster count
 E = Vault monster count
 F = Vault count percentage of total count
                 A         B        C        D         E       F
            +---------+---------+-------+---------+---------+-------
      Total |      59 |       5 |   7.8 |      34 |       3 |   8.1
            +---------+---------+-------+---------+---------+-------
        D:1 |      56 |       5 |   8.2 |      32 |       3 |   8.6
        D:2 |       3 |       0 |   0.0 |       2 |       0 |   0.0
            +---------+---------+-------+---------+---------+-------
